BLB
MAINE GUIDES @ NEW ORLEANS VOODOO
03/31/2060
 
TOP OF THE 1ST
Maine Guides batting - Pitching for New Orleans Voodoo : RHP Jackson Waddell
Pitching: RHP Jackson Waddell
Batting: RHB Jaret Foley 0-0: Ball
1-0: Ball
2-0: Called Strike
2-1: Called Strike
2-2: Foul Ball, location: 2F
2-2: Strikes out swinging
Batting: RHB Brad Pendolino 0-0: Ball
1-0: Called Strike
1-1: SOLO HOME RUN (Flyball, 9D, EV 95.6 MPH), Distance : 366 ft
Batting: RHB Sean Brown 0-0: Foul Ball, location: 2F
0-1: Ball
1-1: Ball
2-1: Ball
3-1: Base on Balls
Batting: RHB Byron Bentley 0-0: Ball
1-0: Swinging Strike
1-1: Foul Ball, location: 2F
1-2: Ball
2-2: SINGLE (Groundball, 34D, EV 96.9 MPH)
Sean Brown to second
Batting: RHB Derek Rosado 0-0: Fly out, F9 (Flyball, 89S, EV 87.5 MPH)
Batting: RHB Martin Moorman 0-0: Called Strike
0-1: Swinging Strike
0-2: Ball
1-2: Foul Ball, location: 2F
1-2: Foul Ball, location: 2F
1-2: Foul Ball, location: 2F
1-2: Strikes out swinging
Top of the 1st over - 1 run, 2 hits, 0 errors, 2 left on base; Maine 1 - New Orleans 0
BOTTOM OF THE 1ST
New Orleans Voodoo batting - Pitching for Maine Guides : LHP Devon DeGasperis
Pitching: LHP Devon DeGasperis
Batting: RHB Darrin Cramer 0-0: Called Strike
0-1: Ball
1-1: Swinging Strike
1-2: Strikes out swinging
Batting: RHB Huston Cruz 0-0: TRIPLE (Flyball, 9LD, EV 89.4 MPH)
Batting: RHB Jefferson Turner 0-0: Ball
1-0: Ball
2-0: Ball
3-0: Base on Balls
Batting: RHB Nathan Stiso 0-0: Swinging Strike
0-1: Swinging Strike
0-2: Strikes out swinging
Batting: RHB Lucas Anderson 0-0: Called Strike
0-1: Ball
1-1: Fly out, F8 (Line Drive, 8RM, EV 93.1 MPH)
Bottom of the 1st over - 0 runs, 1 hit, 0 errors, 2 left on base; Maine 1 - New Orleans 0
TOP OF THE 2ND
Maine Guides batting - Pitching for New Orleans Voodoo : RHP Jackson Waddell
Batting: RHB Chase Hagarty 0-0: Called Strike
0-1: Ball
1-1: Foul Ball, location: 2F
1-2: Ground out 2-3 (Groundball, 15S, EV 70.6 MPH)
Batting: RHB Justen Brown 0-0: Swinging Strike
0-1: Called Strike
0-2: Ball
1-2: SINGLE (Flyball, 3D, EV 86.9 MPH)
Batting: RHB Jarrett Vazquez 0-0: Ball
1-0: Called Strike
1-1: Swinging Strike
1-2: Fielders Choice at 2nd, 6-4 (Groundball, 6, EV 103.8 MPH)
Batting: RHB Jaret Foley 0-0: Ball
1-0: Swinging Strike
1-1: Ball
2-1: Foul Ball, location: 2F
2-2: Strikes out looking
Top of the 2nd over - 0 runs, 1 hit, 0 errors, 1 left on base; Maine 1 - New Orleans 0
BOTTOM OF THE 2ND
New Orleans Voodoo batting - Pitching for Maine Guides : LHP Devon DeGasperis
Batting: RHB Peyton Ames 0-0: Called Strike
0-1: Ground out 3-1 (Groundball, 34S, EV 83.1 MPH)
Batting: LHB Johnathan Weeks 0-0: Called Strike
0-1: Foul Ball, location: 2F
0-2: Foul Ball, location: 2F
0-2: Strikes out swinging
Batting: RHB James Wilson 0-0: Ball
1-0: Ball
2-0: Fly out, F6 (Popup, 56, EV 58.1 MPH)
Bottom of the 2nd over - 0 runs, 0 hits, 0 errors, 0 left on base; Maine 1 - New Orleans 0
TOP OF THE 3RD
Maine Guides batting - Pitching for New Orleans Voodoo : RHP Jackson Waddell
Batting: RHB Brad Pendolino 0-0: Ball
1-0: SINGLE (Groundball, 34D, EV 95.6 MPH)
Batting: RHB Sean Brown 0-0: Fly out, F9 (Flyball, 9, EV 91.2 MPH)
Batting: RHB Byron Bentley 0-0: Called Strike
0-1: Ball
1-1: Ball
2-1: Foul Ball, location: 2F
2-2: Grounds into double play, 6-4-3 (Groundball, 6, EV 83.8 MPH)
Top of the 3rd over - 0 runs, 1 hit, 0 errors, 0 left on base; Maine 1 - New Orleans 0
BOTTOM OF THE 3RD
New Orleans Voodoo batting - Pitching for Maine Guides : LHP Devon DeGasperis
Batting: LHB Darrell Petty 0-0: Ball
1-0: Swinging Strike
1-1: Called Strike
1-2: Fly out, F8 (Line Drive, 8LD, EV 94.4 MPH)
Batting: RHB Darrin Cramer 0-0: Ground out 4-3 (Groundball, 4M, EV 87.5 MPH)
Batting: RHB Huston Cruz 0-0: Ball
1-0: SINGLE (Line Drive, 34D, EV 103.1 MPH)
Batting: RHB Jefferson Turner 0-0: Ball
Huston Cruz steals 2nd base
1-0: Swinging Strike
1-1: DOUBLE (Line Drive, 3D, EV 95.6 MPH)
Huston Cruz scores
Batting: RHB Nathan Stiso 0-0: Swinging Strike
0-1: Ball
1-1: Swinging Strike
1-2: Ball
2-2: Fly out, F6 (Popup, 15, EV 83.1 MPH)
Bottom of the 3rd over - 1 run, 2 hits, 0 errors, 1 left on base; Maine 1 - New Orleans 1
TOP OF THE 4TH
Maine Guides batting - Pitching for New Orleans Voodoo : RHP Jackson Waddell
Batting: RHB Derek Rosado 0-0: Swinging Strike
0-1: Fly out, F6 (Line Drive, 6, EV 71.2 MPH)
Batting: RHB Martin Moorman 0-0: Ball
1-0: Foul Ball, location: 2F
1-1: Foul Ball, location: 2F
1-2: Ground out 5-3 (Groundball, 56S, EV 64.4 MPH)
Batting: RHB Chase Hagarty 0-0: SINGLE (Groundball, 4MD, EV 98.8 MPH)
Batting: RHB Justen Brown 0-0: Ball
1-0: Foul Ball, location: 2F
1-1: Fielders Choice at 2nd, 6-4 (Groundball, 6, EV 85.6 MPH)
Top of the 4th over - 0 runs, 1 hit, 0 errors, 1 left on base; Maine 1 - New Orleans 1
BOTTOM OF THE 4TH
New Orleans Voodoo batting - Pitching for Maine Guides : LHP Devon DeGasperis
Batting: RHB Lucas Anderson 0-0: Ball
1-0: Ball
2-0: Called Strike
2-1: Fly out, F9 (Flyball, 9S, EV 78.1 MPH)
Batting: RHB Peyton Ames 0-0: Ground out 6-3 (Groundball, 6, EV 81.2 MPH)
Batting: LHB Johnathan Weeks 0-0: Called Strike
0-1: Ground out U3 (Groundball, 34, EV 105.0 MPH)
Bottom of the 4th over - 0 runs, 0 hits, 0 errors, 0 left on base; Maine 1 - New Orleans 1
TOP OF THE 5TH
Maine Guides batting - Pitching for New Orleans Voodoo : RHP Jackson Waddell
Now in LF: Jordy Wovchanoff
Now in RF: Daryl Walken
Batting: RHB Jarrett Vazquez 0-0: Foul Ball, location: 2F
0-1: Ball
1-1: Swinging Strike
1-2: Ground out 6-3 (Groundball, 6, EV 100.0 MPH)
Batting: RHB Jaret Foley 0-0: Ball
1-0: Foul Ball, location: 2F
1-1: DOUBLE (Line Drive, 78M, EV 102.5 MPH)
Batting: RHB Brad Pendolino 0-0: Foul Ball, location: 2F
0-1: SINGLE (Flyball, 9S, EV 90.0 MPH)
Jaret Foley to third
Runner from 3rd tries for Home, throw by RF and OUT! 9-2
Pitching: RHP Ron Trent
Batting: RHB Jarrett Shaneyfelt 0-0: Ball
1-0: Ball
2-0: Ball
3-0: Base on Balls
Brad Pendolino to second
Batting: RHB Byron Bentley 0-0: Ball
1-0: Foul Ball, location: 2F
1-1: Ball
2-1: Foul Ball, location: 2F
2-2: SINGLE (Line Drive, 89M, EV 106.2 MPH)
Brad Pendolino to third
Jarrett Shaneyfelt to second
Runner from 3rd tries for Home, SAFE, throw by RF to home
Batting: RHB Derek Rosado 0-0: SINGLE (Line Drive, 7LS, EV 96.9 MPH)
Jarrett Shaneyfelt to third
Byron Bentley to second
Runner from 3rd tries for Home, SAFE, throw by LF to home
Batting: RHB Martin Moorman 0-0: Ball
1-0: Fielders Choice at 2nd, 6-4 (Groundball, 6, EV 93.1 MPH)
Top of the 5th over - 2 runs, 4 hits, 0 errors, 2 left on base; Maine 3 - New Orleans 1
BOTTOM OF THE 5TH
New Orleans Voodoo batting - Pitching for Maine Guides : LHP Devon DeGasperis
Now in LF: Damian Counts
Now in RF: Semaj Ramirez
Batting: RHB James Wilson 0-0: Called Strike
0-1: Called Strike
0-2: Strikes out swinging
Batting: LHB Darrell Petty 0-0: Ball
1-0: Ball
2-0: Swinging Strike
2-1: Ground out 4-3 (Groundball, 4S, EV 91.2 MPH)
Batting: RHB Darrin Cramer 0-0: Swinging Strike
0-1: Swinging Strike
0-2: Ball
1-2: Ball
2-2: Strikes out swinging
Bottom of the 5th over - 0 runs, 0 hits, 0 errors, 0 left on base; Maine 3 - New Orleans 1
TOP OF THE 6TH
Maine Guides batting - Pitching for New Orleans Voodoo : RHP Ron Trent
Now at C: Khaleen Romero
Pinch Hitting: RHB Walt Dutro 0-0: Ball
1-0: Foul Ball, location: 2F
1-1: Swinging Strike
1-2: Ball
2-2: Strikes out looking
Batting: RHB Justen Brown 0-0: Called Strike
0-1: Ball
1-1: Swinging Strike
1-2: Strikes out swinging, 2-3 out at first.
Batting: SHB Semaj Ramirez 0-0: Called Strike
0-1: Ball
1-1: Swinging Strike
1-2: Ball
2-2: Strikes out looking
Top of the 6th over - 0 runs, 0 hits, 0 errors, 0 left on base; Maine 3 - New Orleans 1
BOTTOM OF THE 6TH
New Orleans Voodoo batting - Pitching for Maine Guides : LHP Devon DeGasperis
Pitching: RHP Parker Terry
Now at 2B: Walt Dutro
Now at 3B: Derek Rosado
Now at SS: Justen Brown
Pinch Hitting: LHB Samuel Hamblin 0-0: Ball
1-0: DOUBLE (Line Drive, 9LS, EV 105.0 MPH)
Batting: LHB Jordy Wovchanoff 0-0: Ball
1-0: Ball
2-0: Called Strike
2-1: Called Strike
2-2: Foul Ball, location: 2F
2-2: Foul Ball, location: 2F
2-2: Ground out U3 (Groundball, 3L, EV 89.4 MPH)
Samuel Hamblin to third
Batting: LHB Daryl Walken 0-0: Ball
1-0: Foul Ball, location: 2F
1-1: Foul Ball, location: 2F
1-2: Strikes out swinging
Pinch Hitting: LHB Jarquez Kafele 0-0: Ball
1-0: Ball
2-0: Called Strike
2-1: Called Strike
2-2: Ball
3-2: Fly out, F7 (Flyball, 7LD, EV 109.4 MPH)
Bottom of the 6th over - 0 runs, 1 hit, 0 errors, 1 left on base; Maine 3 - New Orleans 1
TOP OF THE 7TH
Maine Guides batting - Pitching for New Orleans Voodoo : RHP Ron Trent
Now at 1B: Dez Swanson
Now at 2B: Jarquez Kafele
Now in CF: Samuel Hamblin
Pinch Hitting: RHB Nathan Bennett 0-0: Foul Ball, location: 2F
0-1: Called Strike
0-2: Ball
1-2: Ball
2-2: Foul Ball, location: 2F
2-2: Strikes out swinging
Batting: RHB Brad Pendolino 0-0: Fly out, F7 (Flyball, 78D, EV 90.6 MPH)
Batting: RHB Jarrett Shaneyfelt 0-0: Ball
1-0: Ball
2-0: Called Strike
2-1: Reached on error, E6 (Groundball, 6, EV 110.0 MPH)
Batting: RHB Byron Bentley 0-0: Called Strike
0-1: Ball
1-1: Ball
Jarrett Shaneyfelt steals 2nd base
2-1: 2-RUN HOME RUN (Line Drive, 78XD, EV 113.1 MPH), Distance : 422 ft
Pitching: RHP Kevin Blackmon
Batting: RHB Derek Rosado 0-0: Ball
1-0: Called Strike
1-1: Called Strike
1-2: Ball
2-2: Ground out 5-3 (Groundball, 5L, EV 103.8 MPH)
Top of the 7th over - 2 runs, 1 hit, 1 error, 0 left on base; Maine 5 - New Orleans 1
BOTTOM OF THE 7TH
New Orleans Voodoo batting - Pitching for Maine Guides : RHP Parker Terry
Pitching: RHP Samuel Holroyd
Now in LF: Nathan Bennett
Now in CF: Damian Counts
Batting: RHB Khaleen Romero 0-0: Reached on error, E4 (Groundball, 4, EV 86.9 MPH)
Pinch Hitting: RHB D'Angelo James 0-0: SINGLE (Line Drive, 4MD, EV 106.2 MPH)
Khaleen Romero to second
Pinch Hitting: SHB Rob French 0-0: Ball
1-0: Foul Ball, location: 2F
1-1: Swinging Strike
1-2: Fly out, F8 (Flyball, 8LM, EV 87.5 MPH)
Batting: RHB Dez Swanson 0-0: Foul Ball, location: 2F
0-1: Ball
1-1: Swinging Strike
1-2: Ball
2-2: Ball
3-2: Foul Ball, location: 2F
3-2: Foul Ball, location: 2F
3-2: Grounds into double play, 6-4-3 (Groundball, 6, EV 92.5 MPH)
Bottom of the 7th over - 0 runs, 1 hit, 1 error, 1 left on base; Maine 5 - New Orleans 1
TOP OF THE 8TH
Maine Guides batting - Pitching for New Orleans Voodoo : RHP Kevin Blackmon
Now at 3B: Rob French
Now at SS: D'Angelo James
Batting: LHB Damian Counts 0-0: Ball
1-0: Ball
2-0: Called Strike
2-1: Foul Ball, location: 2F
2-2: Ball
3-2: Strikes out swinging
Batting: RHB Walt Dutro 0-0: Ball
1-0: SINGLE (Line Drive, 3L, EV 97.5 MPH)
Batting: RHB Justen Brown 0-0: Ball
1-0: Ball
2-0: Ball
3-0: Base on Balls
Walt Dutro to second
Batting: SHB Semaj Ramirez 0-0: Swinging Strike
0-1: Ball
1-1: Called Strike
Walt Dutro is caught stealing 3rd base 2-5
Justen Brown to second
1-2: Ball
2-2: Strikes out swinging
Top of the 8th over - 0 runs, 1 hit, 0 errors, 1 left on base; Maine 5 - New Orleans 1
BOTTOM OF THE 8TH
New Orleans Voodoo batting - Pitching for Maine Guides : RHP Samuel Holroyd
Pitching: RHP Ellery Skaleski
Batting: RHB Lon Leseberg 0-0: Called Strike
0-1: Ball
1-1: Ball
2-1: Ball
3-1: Foul Ball, location: 2F
3-2: SINGLE (Groundball, 56D, EV 100.6 MPH)
Batting: LHB Samuel Hamblin 0-0: Ball
1-0: Foul Ball, location: 2F
1-1: Ball
2-1: Ball
3-1: Fielders Choice at 2nd, 3-6 (Groundball, 34S, EV 95.0 MPH)
Batting: LHB Jordy Wovchanoff 0-0: Ball
1-0: Swinging Strike
1-1: Called Strike
1-2: TRIPLE (Line Drive, 89XD, EV 98.8 MPH)
Samuel Hamblin scores
Batting: LHB Daryl Walken 0-0: Ball
1-0: Foul Ball, location: 2F
1-1: Ball
2-1: Foul Ball, location: 2F
2-2: SINGLE (Groundball, 6M, EV 106.2 MPH) (infield hit)
Jordy Wovchanoff scores
Batting: LHB Jarquez Kafele 0-0: Called Strike
0-1: Foul Ball, location: 2F
0-2: Foul Ball, location: 2F
0-2: Ball
1-2: Ball
2-2: DOUBLE (Line Drive, 7LM, EV 100.0 MPH)
Daryl Walken to third
Batting: RHB Khaleen Romero 0-0: Swinging Strike
0-1: Ball
1-1: Fly out, F7 (Flyball, 78S, EV 96.2 MPH)
Batting: RHB D'Angelo James 0-0: Ball
1-0: Ball
2-0: Ball
3-0: Called Strike
3-1: SINGLE (Line Drive, 78S, EV 103.1 MPH)
Daryl Walken scores
Jarquez Kafele to third
Runner from 3rd tries for Home, SAFE, throw by LF to home
Pitching: LHP Buddy Moore
Batting: SHB Rob French 0-0: Ball
1-0: Ball
2-0: Called Strike
2-1: Swinging Strike
2-2: Strikes out swinging
Bottom of the 8th over - 4 runs, 5 hits, 0 errors, 1 left on base; Maine 5 - New Orleans 5
TOP OF THE 9TH
Maine Guides batting - Pitching for New Orleans Voodoo : RHP Kevin Blackmon
Pitching: LHP Harrison Ford
Batting: RHB Nathan Bennett 0-0: Called Strike
0-1: Ball
1-1: Ball
2-1: Ball
3-1: Foul Ball, location: 2F
3-2: Foul Ball, location: 2F
3-2: Base on Balls
Batting: RHB Brad Pendolino 0-0: Called Strike
0-1: Ground out 5-3 (Groundball, 56S, EV 80.0 MPH)
Nathan Bennett to second
Batting: RHB Benjamin Keating 0-0: Ball
1-0: Ground out 5-3 (Groundball, 56S, EV 72.5 MPH)
Nathan Bennett to third
Batting: RHB Byron Bentley 0-0: Called Strike
0-1: Swinging Strike
0-2: Foul Ball, location: 2F
0-2: Ball
1-2: Ball
2-2: Ground out 6-3 (Groundball, 56, EV 78.1 MPH)
Top of the 9th over - 0 runs, 0 hits, 0 errors, 1 left on base; Maine 5 - New Orleans 5
BOTTOM OF THE 9TH
New Orleans Voodoo batting - Pitching for Maine Guides : LHP Buddy Moore
Pitching: LHP Oscar Thompson
Batting: RHB Dez Swanson 0-0: Ball
1-0: Foul Ball, location: 2F
1-1: Foul Ball, location: 2F
1-2: Ball
2-2: SINGLE (Flyball, 7LS, EV 96.2 MPH)
Pitching: RHP Shawn Johnson
Batting: RHB Lon Leseberg 0-0: Swinging Strike
0-1: Ball
1-1: Ball
2-1: Called Strike
Pickoff Throw to First - Out! 1-3
2-2: Ground out 5-3 (Groundball, 56S, EV 83.8 MPH)
Batting: LHB Samuel Hamblin 0-0: Foul Ball, location: 2F
0-1: Swinging Strike
0-2: Foul Ball, location: 2F
0-2: Ball
1-2: Ball
2-2: Ground out 6-3 (Groundball, 56, EV 91.9 MPH)
Bottom of the 9th over - 0 runs, 1 hit, 0 errors, 0 left on base; Maine 5 - New Orleans 5
TOP OF THE 10TH
Maine Guides batting - Pitching for New Orleans Voodoo : LHP Harrison Ford
Pitching: LHP Max Biggers
Batting: RHB Derek Rosado 0-0: Ball
1-0: Ball
2-0: Fly out, F3 (Popup, 34, EV 54.4 MPH)
Batting: LHB Damian Counts 0-0: Ground out 4-3 (Groundball, 4S, EV 64.4 MPH)
Batting: RHB Walt Dutro 0-0: Ball
1-0: Ball
2-0: Fly out, F8 (Flyball, 8LD, EV 89.4 MPH)
Top of the 10th over - 0 runs, 0 hits, 0 errors, 0 left on base; Maine 5 - New Orleans 5
BOTTOM OF THE 10TH
New Orleans Voodoo batting - Pitching for Maine Guides : RHP Shawn Johnson
Pinch Hitting: LHB Isaac Allen 0-0: Ball
1-0: Ball
2-0: Ball
3-0: Base on Balls
Batting: LHB Daryl Walken 0-0: Ball
1-0: Swinging Strike
1-1: Fielders Choice at 2nd, 6-4 (Groundball, 6MD, EV 98.8 MPH)
Batting: LHB Jarquez Kafele 0-0: Called Strike
0-1: Ball
1-1: Called Strike
1-2: Foul Ball, location: 2F
1-2: Ball
2-2: Grounds into double play, 5-4-3 (Groundball, 56, EV 100.0 MPH)
Bottom of the 10th over - 0 runs, 0 hits, 0 errors, 0 left on base; Maine 5 - New Orleans 5
TOP OF THE 11TH
Maine Guides batting - Pitching for New Orleans Voodoo : LHP Max Biggers
Pitching: RHP Charles Young
Now in LF: Isaac Allen
Batting: RHB Justen Brown 0-0: Ball
1-0: Foul Ball, location: 2F
1-1: Foul Ball, location: 2F
1-2: Foul Ball, location: 2F
1-2: Ground out 6-3 (Groundball, 6, EV 106.2 MPH)
Batting: SHB Semaj Ramirez 0-0: Foul Ball, location: 2F
0-1: Ball
1-1: Ground out 4-3 (Groundball, 4, EV 96.2 MPH)
Batting: RHB Nathan Bennett 0-0: Ball
1-0: Called Strike
1-1: Called Strike
1-2: Ball
2-2: Ball
3-2: Ground out U3 (Groundball, 34S, EV 68.1 MPH)
Top of the 11th over - 0 runs, 0 hits, 0 errors, 0 left on base; Maine 5 - New Orleans 5
BOTTOM OF THE 11TH
New Orleans Voodoo batting - Pitching for Maine Guides : RHP Shawn Johnson
Pitching: RHP Joe Ferebee
Pinch Hitting: RHB Jeremie Holzschuh 0-0: Called Strike
0-1: Ball
1-1: Called Strike
1-2: Ball
2-2: Fly out, F7 (Flyball, 7LM, EV 85.0 MPH)
Batting: RHB D'Angelo James 0-0: Ball
1-0: Called Strike
1-1: Ball
2-1: Ball
3-1: Base on Balls
Batting: SHB Rob French 0-0: Ball
1-0: Ball
2-0: Foul Ball, location: 2F
2-1: Called Strike
2-2: Strikes out looking
Pinch Hitting: LHB Tuck Vrsek 0-0: Called Strike
D'Angelo James is caught stealing 2nd base 2-6
Bottom of the 11th over - 0 runs, 0 hits, 0 errors, 0 left on base; Maine 5 - New Orleans 5
TOP OF THE 12TH
Maine Guides batting - Pitching for New Orleans Voodoo : RHP Charles Young
Pitching: RHP Calvin Navratil
Now at C: Jeremie Holzschuh
Now at 1B: Tuck Vrsek
Batting: RHB Brad Pendolino 0-0: SINGLE (Groundball, 56D, EV 95.6 MPH)
Batting: RHB Benjamin Keating 0-0: Swinging Strike
0-1: Called Strike
0-2: Ball
1-2: Strikes out swinging
Batting: RHB Byron Bentley 0-0: Called Strike
0-1: Foul Ball, location: 2F
0-2: Strikes out looking
Batting: RHB Derek Rosado 0-0: Ball
1-0: Foul Ball, location: 2F
1-1: Ball
2-1: Foul Ball, location: 2F
2-2: Strikes out swinging, 2-3 out at first.
Top of the 12th over - 0 runs, 1 hit, 0 errors, 1 left on base; Maine 5 - New Orleans 5
BOTTOM OF THE 12TH
New Orleans Voodoo batting - Pitching for Maine Guides : RHP Joe Ferebee
Pitching: RHP Gavin Lankford
Batting: LHB Tuck Vrsek 0-0: Ball
1-0: Swinging Strike
1-1: Ground out 2-3 (Groundball, 15S, EV 68.8 MPH)
Batting: RHB Lon Leseberg 0-0: Ball
1-0: Ball
2-0: Ball
3-0: Called Strike
3-1: Foul Ball, location: 2F
3-2: Fly out, F8 (Flyball, 8RD, EV 105.6 MPH)
Batting: LHB Samuel Hamblin 0-0: Foul Ball, location: 2F
0-1: Called Strike
0-2: Strikes out looking
Bottom of the 12th over - 0 runs, 0 hits, 0 errors, 0 left on base; Maine 5 - New Orleans 5
TOP OF THE 13TH
Maine Guides batting - Pitching for New Orleans Voodoo : RHP Calvin Navratil
Pitching: LHP Kaleb Shannahan
Batting: LHB Damian Counts 0-0: SINGLE (Groundball, 34D, EV 100.6 MPH)
Batting: RHB Walt Dutro 0-0: Ball
1-0: Called Strike
1-1: Foul Ball, location: 2F
1-2: Strikes out looking
Batting: RHB Justen Brown 0-0: Called Strike
0-1: Ball
1-1: Ball
2-1: Ball
3-1: Swinging Strike
3-2: Strikes out swinging
Batting: SHB Semaj Ramirez 0-0: Ball
1-0: Ball
2-0: Ball
3-0: Called Strike
3-1: Fielders Choice at 2nd, 6-4 (Groundball, 6D, EV 78.1 MPH)
Top of the 13th over - 0 runs, 1 hit, 0 errors, 1 left on base; Maine 5 - New Orleans 5
BOTTOM OF THE 13TH
New Orleans Voodoo batting - Pitching for Maine Guides : RHP Gavin Lankford
Batting: LHB Isaac Allen 0-0: Ball
1-0: Called Strike
1-1: Ball
2-1: Swinging Strike
2-2: Strikes out looking
Batting: LHB Daryl Walken 0-0: Called Strike
0-1: Called Strike
0-2: Ball
1-2: Foul Ball, location: 2F
1-2: Ground out 4-3 (Groundball, 4, EV 79.4 MPH)
Batting: LHB Jarquez Kafele 0-0: Called Strike
0-1: Ball
1-1: Ground out 6-3 (Groundball, 6M, EV 106.9 MPH)
Bottom of the 13th over - 0 runs, 0 hits, 0 errors, 0 left on base; Maine 5 - New Orleans 5
TOP OF THE 14TH
Maine Guides batting - Pitching for New Orleans Voodoo : LHP Kaleb Shannahan
Batting: RHB Nathan Bennett 0-0: Ball
1-0: Ball
2-0: Swinging Strike
2-1: Called Strike
2-2: Strikes out swinging, 2-3 out at first.
Batting: RHB Brad Pendolino 0-0: Ball
1-0: Ball
2-0: Called Strike
2-1: Foul Ball, location: 2F
2-2: Strikes out swinging
Batting: RHB Benjamin Keating 0-0: Ball
1-0: Ball
2-0: Foul Ball, location: 2F
2-1: Ball
3-1: Base on Balls
Batting: RHB Byron Bentley 0-0: Ball
1-0: Called Strike
1-1: Ball
2-1: Swinging Strike
2-2: Strikes out swinging
Top of the 14th over - 0 runs, 0 hits, 0 errors, 1 left on base; Maine 5 - New Orleans 5
BOTTOM OF THE 14TH
New Orleans Voodoo batting - Pitching for Maine Guides : RHP Gavin Lankford
Batting: RHB Jeremie Holzschuh 0-0: Foul Ball, location: 2F
0-1: Foul Ball, location: 2F
0-2: Fly out, F7 (Flyball, 78M, EV 85.6 MPH)
Batting: RHB D'Angelo James 0-0: Called Strike
0-1: Called Strike
0-2: SINGLE (Flyball, 4D, EV 89.4 MPH)
Batting: SHB Rob French 0-0: Ground out 4-3 (Groundball, 34, EV 103.8 MPH)
D'Angelo James to second
Batting: LHB Tuck Vrsek 0-0: Foul Ball, location: 2F
0-1: Foul Ball, location: 2F
0-2: Strikes out looking
Bottom of the 14th over - 0 runs, 1 hit, 0 errors, 1 left on base; Maine 5 - New Orleans 5
TOP OF THE 15TH
Maine Guides batting - Pitching for New Orleans Voodoo : LHP Kaleb Shannahan
Pitching: RHP Jonah Gower
Batting: RHB Derek Rosado 0-0: Called Strike
0-1: Ball
1-1: Ball
2-1: Ground out 6-3 (Groundball, 6, EV 93.1 MPH)
Batting: LHB Damian Counts 0-0: Called Strike
0-1: Ball
1-1: DOUBLE (Line Drive, 89XD, EV 102.5 MPH)
Batting: RHB Walt Dutro 0-0: Ball
Wild Pitch!
Damian Counts to third
1-0: Ball
2-0: Foul Ball, location: 2F
2-1: Foul Ball, location: 2F
2-2: Ball
3-2: Foul Ball, location: 2F
3-2: Foul Ball, location: 2F
3-2: Foul Ball, location: 2F
3-2: Base on Balls
Batting: RHB Justen Brown 0-0: Ball
1-0: Called Strike
1-1: Swinging Strike
1-2: Foul Ball, location: 2F
1-2: Ball
2-2: Ball
3-2: Base on Balls
Walt Dutro to second
Batting: SHB Semaj Ramirez 0-0: Ball
1-0: Swinging Strike
1-1: SINGLE (Line Drive, 6MD, EV 98.8 MPH)
Damian Counts scores
Walt Dutro to third
Justen Brown to second
Runner from 3rd tries for Home, SAFE, throw by CF to home
Pitching: RHP Max Sivak
Batting: RHB Nathan Bennett 0-0: Called Strike
0-1: Foul Ball, location: 2F
0-2: Ball
1-2: Foul Ball, location: 2F
1-2: Ball
2-2: Strikes out swinging
Batting: RHB Brad Pendolino 0-0: Called Strike
0-1: Ball
1-1: SINGLE (Groundball, 56S, EV 76.2 MPH) (infield hit)
Justen Brown to third
Semaj Ramirez to second
Batting: RHB Benjamin Keating 0-0: Ball
1-0: Fielders Choice at 2nd, 5-4 (Groundball, 56, EV 84.4 MPH)
Top of the 15th over - 2 runs, 3 hits, 0 errors, 3 left on base; Maine 7 - New Orleans 5
BOTTOM OF THE 15TH
New Orleans Voodoo batting - Pitching for Maine Guides : RHP Gavin Lankford
Batting: RHB Lon Leseberg 0-0: Ball
1-0: Called Strike
1-1: DOUBLE (Flyball, 78D, EV 99.4 MPH)
Batting: LHB Samuel Hamblin 0-0: Ball
1-0: Ball
2-0: Ball
3-0: Base on Balls
Batting: LHB Isaac Allen 0-0: Fly out, F9 (Flyball, 9LD, EV 104.4 MPH)
Runner from 2nd tags up, SAFE at 3rd, no throw by RF
Batting: LHB Daryl Walken 0-0: Ball
1-0: Ball
2-0: Reached on error, E4 (Groundball, 34S, EV 84.4 MPH)
Lon Leseberg scores
Samuel Hamblin to second
Batting: LHB Jarquez Kafele 0-0: Ball
1-0: SINGLE (Line Drive, 4M, EV 101.9 MPH)
Samuel Hamblin to third
Daryl Walken to second
Batting: RHB Jeremie Holzschuh 0-0: Ball
1-0: Ball
2-0: Swinging Strike
2-1: Ball
3-1: Base on Balls
Samuel Hamblin scores
Daryl Walken to third
Jarquez Kafele to second
Batting: RHB D'Angelo James 0-0: Foul Ball, location: 2F
0-1: Ball
1-1: SINGLE (Line Drive, 8LS, EV 103.1 MPH)
Daryl Walken scores
Bottom of the 15th over - 3 runs, 3 hits, 1 error, 2 left on base; Maine 7 - New Orleans 8
Wednesday, April 17th , 2024 - OOTP Baseball 23.10 Build 110